 Seeded DCSS version 0.28-a0-773-g130ae17fe5 (webtiles) character file.

Game seed: 1199953562517603814 (custom seed)

740 jsc133 the Ruffian (level 7, -4/67 HPs)
             Began as a Troll Berserker on Oct 21, 2021.
             Was a Priest of Trog.
             Killed from afar by a white imp (6 damage)
             ... with a puff of frost
             ... on level 6 of the Dungeon on Nov 1, 2021.
             The game lasted 00:13:55 (2339 turns).

jsc133 the Ruffian (Troll Berserker)                Turns: 2339, Time: 00:13:55

Health: -4/67      AC:  4    Str: 28    XL:     7   Next: 46%
Magic:  6/6        EV: 10    Int:  9    God:    Trog [***...]
Gold:   154        SH:  0    Dex:  9    Spells: 6/6 levels left

rFire   . . .      SeeInvis .     - Unarmed
rCold   . . .      Faith    .   (no shield)
rNeg    . . .      Spirit   .   a - +0 animal skin
rPois   .          Reflect  .   (helmet restricted)
rElec   .          Harm     .   (no cloak)
rCorr   .          Rampage  .   (gloves unavailable)
Will    .....                   (boots unavailable)
Stlth   +.........              (no amulet)
HPRegen 1.21/turn               b - ring of flight
MPRegen 0.10/turn               j - +6 ring of intelligence

@: flying
A: large, unfitting armour, claws 3, regeneration 1, shaggy fur 1, tough skin 1
a: Renounce Religion, Berserk, Trog's Hand


You were on level 6 of the Dungeon.
You worshipped Trog.
Trog was most pleased with you.
You visited 1 branch of the dungeon, and saw 6 of its levels.

You collected 154 gold pieces.

Inventory:

Armour
 a - a +0 animal skin (worn)
 c - a +1 scale mail of positive energy
Jewellery
 b - a ring of flight (left claw)
 j - a +6 ring of intelligence (right claw)
Wands
 d - a wand of iceblast (8)
 n - a wand of flame (15)
Scrolls
 f - a scroll of immolation {unknown}
 g - a scroll of identify
 l - a scroll of silence {unknown}
 m - a scroll of fog
 o - a scroll of noise
Potions
 e - a potion of degeneration {unknown}
 h - 2 potions of curing
 i - a potion of might
 k - a potion of flight


   Skills:
 + Level 3.3 Fighting
 + Level 4.2 Dodging
 + Level 1.0 Stealth
 + Level 6.9 Unarmed Combat


You had 6 spell levels left.
You didn't know any spells.
Your spell library was empty.

Dungeon Overview and Level Annotations

Branches:
Dungeon (6/15)             Temple (0/1) D:4

Altars:
Elyvilon
Nemelex Xobeh
Uskayaw
Zin
The Shining One

Annotations:
D:2 Robin


Innate Abilities, Weirdness & Mutations

You are too large for most types of armour.
You have claws for hands.
Your natural rate of healing is unusually fast.
You are covered in fur. (AC +1)
You have tough skin. (AC +1)


Message History

Things that are here:
a +0 falchion; an orc corpse
Things that are here:
a +0 falchion; an orc corpse
m - a scroll of fog You now have 154 gold pieces (gained 19).
n - a wand of flame (15)
You see here a scroll of noise.
You see here a scroll of noise.
o - a scroll of noise A white imp comes into view.
Found a robe.
A centaur comes into view.
The white imp shouts!
The centaur wields a +0 shortbow.
The centaur shoots an arrow.
The arrow hits you. The white imp puffs mist at you.
The centaur shoots an arrow.
The arrow hits you! The white imp gestures at you. The puff of frost hits you!
Found a ruby potion.
The centaur shoots an arrow.
The arrow hits you! The white imp barely misses you.
The centaur shoots an arrow.
The arrow hits you!
The centaur shoots an arrow.
The arrow hits you.
* * * LOW HITPOINT WARNING * * *
The white imp misses you.
You barely miss the white imp.
The centaur shoots an arrow.
The arrow hits you.
* * * LOW HITPOINT WARNING * * *
The white imp gestures at you. The puff of frost hits you!
* * * LOW HITPOINT WARNING * * *
You closely miss the white imp.
The centaur shoots an arrow.
The arrow misses you.
You completely miss the white imp. The white imp barely misses you.
The centaur shoots an arrow.
The arrow hits you!
* * * LOW HITPOINT WARNING * * *
You barely miss the white imp. The white imp gestures at you.
The puff of frost hits you.
You die...

.# ####.# .... #
##.##### ##.......
#..#.#### # #...)#
.###.#### #....##
!....[5@# ##.....##
......#.#######.......##
...## #.................
##......#######.......#.
####.#.# #......###
....c. #.###### ####...
b#.# #...# #≈#.# #...#
#≈#.#P


You could see a centaur and a white imp.

Vanquished Creatures
  A water moccasin (D:6)
  An ice beast (D:6)
  A necrophage (D:6)
  An ogre (D:6)
  A phantom (D:6)
  A scorpion (D:5)
  2 centaur skeletons
  2 iguanas
  A gnoll (D:1)
  5 adders
  3 dart slugs (D:4)
  4 orcs
  6 ball pythons
  3 bats
  6 endoplasms
  4 giant cockroaches
  7 goblins (D:1)
  6 hobgoblins
  8 jackals
  5 kobolds
  4 quokkas
  3 frilled lizards (D:1)
  5 rats
80 creatures vanquished.

Vanquished Creatures (others)
  9 fungi (D:6)
  2 plants (D:1)
  6 withered plants (D:1)
17 creatures vanquished.

Grand Total: 97 creatures vanquished

Notes
Turn   | Place    | Note
-------+----------+-------------------------------------------
     0 | D:1      | jsc133 the Troll Berserker began the quest for the Orb.
     0 | D:1      | Reached XP level 1. HP: 22/22 MP: 0/0
   171 | D:1      | Reached XP level 2. HP: 29/29 MP: 1/1
   290 | D:1      | Found a faded altar of an unknown god.
   405 | D:1      | Reached ** piety under Trog
   458 | D:1      | Reached XP level 3. HP: 32/36 MP: 2/2
   727 | D:2      | Noticed Robin
   738 | D:2      | HP: 1/37 [ball python (2)]
  1054 | D:3      | Reached XP level 4. HP: 45/45 MP: 3/3
  1107 | D:4      | Reached skill level 4 in Unarmed Combat
  1133 | D:4      | Found a white marble altar of Elyvilon.
  1203 | D:4      | Found a staircase to the Ecumenical Temple.
  1466 | D:4      | Reached *** piety under Trog
  1470 | D:4      | Found a sparkling altar of Nemelex Xobeh.
  1572 | D:4      | Reached XP level 5. HP: 43/53 MP: 4/4
  1660 | D:4      | Found a glowing golden altar of the Shining One.
  1715 | D:5      | Entered Level 5 of the Dungeon
  1776 | D:5      | Reached skill level 5 in Unarmed Combat
  1806 | D:5      | Found a glowing silver altar of Zin.
  1924 | D:6      | Noticed a +0 falchion
  1925 | D:6      | Noticed a +0 short sword
  1926 | D:6      | Noticed a +0 spear
  1926 | D:6      | Noticed a +0 spear
  1927 | D:6      | Noticed a +0 dagger
  1927 | D:6      | Noticed a +0 dagger
  1927 | D:6      | Noticed a +0 short sword
  1928 | D:6      | Noticed a +0 falchion
  1928 | D:6      | Noticed a water moccasin
  1929 | D:6      | Found a hide-covered altar of Uskayaw.
  1938 | D:6      | Killed a water moccasin
  1939 | D:6      | Upgraded the game from 0.28-a0-691-gad6df49e81 to
                  | 0.28-a0-773-g130ae17fe5
  1939 | D:6      | Reached XP level 6. HP: 49/61 MP: 5/5
  2047 | D:6      | Reached skill level 6 in Unarmed Combat
  2047 | D:6      | Reached XP level 7. HP: 65/67 MP: 6/6
  2254 | D:6      | Reached skill level 1 in Stealth
  2338 | D:6      | HP: 1/67 [centaur/arrow (8)]
  2339 | D:6      | Killed from afar by a white imp

Illustrated notes

Levels and vault maps discovered:
D:1:      grunt_arrival_crossed_arrows, layout_rooms,
          shapermc_ecumenical_altar_flowoftime, grunt_decor_arrowhead,
          grunt_decor_resistance, patterned_corridor
D:2:      layout_basic, basic_altar, uniq_terence, uniq_robin
D:3:      minmay_razor_zed, layout_basic, grunt_ministairs_1
D:4:      layout_layer_cave, mainiacjoe_overflow_tiny_flanked,
          mainiacjoe_overflow_alcove_4, nemelex_dance_club_becter,
          minmay_temple_entry_mist, lightli_corner_chamber
D:5:      layout_loops_ring, nicolae_wu_jian_wuxing_cycle,
          nicolae_overflow_hidden_temple
D:6:      layout_loops_cross, nicolae_uskayaw_en_pointe, serial_aquarium,
          aquarium_bridge_straight [aquarium_subvault_bridge,
          aquarium_subvault_wall, aquarium_subvault_bridge,
          aquarium_subvault_wall], aquarium_bridge_square
          [aquarium_subvault_bridge, aquarium_subvault_bridge,
          aquarium_subvault_bridge, aquarium_subvault_wall],
          aquarium_window_corridor_3, aquarium_window_1, aquarium_window_corner,
          aquarium_view_2d, aquarium_pool_double

Skill      XL: |  1  2  3  4  5  6  7 |
---------------+----------------------+-----
Fighting       | 3 |  3.3
Unarmed Combat | 4 5 6 |  6.9
Dodging        | 3 4 |  4.2
Stealth        | 1 |  1.0

Action                   |  1- 3 |  4- 6 |  7- 9 || total
-------------------------+-------+-------+-------++-------
Melee: Unarmed           |   130 |    67 |    20 ||   217
       Punch             |     3 |     1 |       ||     4
  Use: Scroll            |       |     8 |       ||     8
Armor: Animal skin       |    53 |    17 |     7 ||    77
Dodge: Dodged            |   106 |    46 |    10 ||   162

Table legend: (Time is in decaauts)
 A = Elapsed time spent in this place.
 B = Non-inter-level travel time spent in this place.
 C = Inter-level travel time spent in this place.
 D = Time resting spent in this place.
 E = Time spent auto-exploring this place.
 F = Levels seen in this place.
 G = Mean time per level.
                   A        B        C        D        E       F      G
               +--------+--------+--------+--------+--------+-----+--------+
         Total |   2323 |   2313 |     10 |      0 |      0 |   6 |  387.2 |
       Dungeon |   2323 |   2313 |     10 |      0 |      0 |   6 |  387.2 |
               +--------+--------+--------+--------+--------+-----+--------+

Top non-repeatable levels by time:
     D:1: 760 daAuts
     D:4: 612 daAuts
     D:6: 423 daAuts
     D:2: 200 daAuts
     D:5: 195 daAuts
     D:3: 131 daAuts
